 Dungeon Crawl Stone Soup version 0.24-a0-48-g0ecae65 (webtiles) character file.

Game seed: 12133559865593858934

121 DarkinPup the Ducker (level 4, -9/35 HPs)
             Began as a Demonspawn Gladiator on Feb 3, 2019.
             Was an Initiate of Ashenzari.
             Killed by divine providence
             ... invoked by an orc priest
              (10 damage)
             ... on level 3 of the Dungeon.
             The game lasted 00:03:18 (2007 turns).

DarkinPup the Ducker (Demonspawn Gladiator)         Turns: 2007, Time: 00:03:18

Health: -9/35      AC:  5    Str: 14    XL:     4   Next: 77%
Magic:  4/4        EV: 12    Int:  9    God:    Ashenzari [......]
Gold:   110        SH:  0    Dex: 16    Spells: 3/3 levels left

rFire    . . .     SeeInvis .   a - +0 long sword
rCold    . . .     Gourm    .   (no shield)
rNeg     . . .     Faith    .   n - +0 ring mail
rPois    .         Spirit   .   (helmet restricted)
rElec    .         Reflect  .   (no cloak)
rCorr    .         Harm     .   (no gloves)
MR       .....                  (no boots)
Stlth    +.........             (no amulet)
HPRegen  0.11/turn              (no ring)
MPRegen  0.09/turn              (no ring)

@: no status effects
A: antennae 1, claws 2
a: Curse Item, Renounce Religion


You were on level 3 of the Dungeon.
You worshipped Ashenzari.
Ashenzari was noncommittal.
You were not hungry.

You visited 1 branch of the dungeon, and saw 3 of its levels.

You collected 110 gold pieces.

Inventory:

Hand Weapons
 a - a +0 long sword (weapon)
Missiles
 d - 3 throwing nets (quivered)
Armour
 n - a +0 ring mail (worn)
Wands
 m - a wand of paralysis (9)
Scrolls
 e - a scroll of teleportation {unknown}
 h - 2 scrolls of magic mapping {unknown}
 j - 4 scrolls of remove curse
 k - 3 scrolls of identify {unknown}
Potions
 b - 2 potions of ambrosia {unknown}
 g - a potion of agility {unknown}
 i - a potion of heal wounds {unknown}
 l - 2 potions of flight {unknown}
Comestibles
 f - 5 rations


   Skills:
 * Level 3.1 Fighting
 * Level 3.4 Long Blades
 - Level 1.7 Throwing
 + Level 0.4 Armour
 * Level 3.5 Dodging
 + Level 1.0 Unarmed Combat


You had 3 spell levels left.
You didn't know any spells.
Your spell library was empty.

Dungeon Overview and Level Annotations

Branches:
Dungeon (3/15)

Altars:
Ashenzari


Innate Abilities, Weirdness & Mutations

You have a pair of small antennae on your head.
You have very sharp fingernails.


Message History

An orc comes into view. It is wielding a +0 dagger.
You hit the orc priest.
The orc priest is almost dead.
The orc priest hits you with a +0 dagger.
You hit the orc priest.
The orc priest is almost dead.
The orc priest miscasts a cantrip.
The orc barely misses you.
You riposte.
You slash the orc!
You kill the orc!
The orc priest casts a cantrip, but nothing happens.
You hit the orc priest but do no damage.
The orc priest is almost dead.
The orc priest hits you.
The orc priest mumbles some strange prayers to Beogh against you.
Beogh smites you!
* * * LOW HITPOINT WARNING * * *
Found a stone staircase leading down.
The orc priest calls down the wrath of Beogh upon you.
Beogh smites you!
You die...

...........# #..######
.#########.# #.†......
.# #.#####...##### .#
#.##....o......
.#########..#.##o#.#####
..........#.#.##o#.#
#########.#.#.##.# #
#########'#.#.##o#
..............##@#
.######.......#.......#
#.......#.#..####
#.......#.<.... #.#
#.........##..## #.#
#.........+ .># #.#
#.........# ### #(#
#......####
##.####......#


You could see 2 orc priests and 2 orcs.

Vanquished Creatures
  Natasha (D:2)
  3 adders
  An ooze (D:1)
  A worm (D:2)
  3 dart slugs
  A leopard gecko (D:1)
  An orc (D:3)
  A bat (D:1)
  2 giant cockroaches (D:1)
  5 goblins
  13 hobgoblins
  4 frilled lizards (D:1)
  9 kobolds
  9 rats
54 creatures vanquished.

Notes
Turn   | Place    | Note
-------+----------+-------------------------------------------
     0 | D:1      | DarkinPup the Demonspawn Gladiator began the quest for the
                  | Orb.
     0 | D:1      | Reached XP level 1. HP: 16/16 MP: 1/1
   167 | D:1      | Found a shattered altar of Ashenzari.
   180 | D:1      | Gained mutation: You have sharp fingernails. [demonic
                  | ancestry]
   180 | D:1      | Reached XP level 2. HP: 22/22 MP: 2/2
   428 | D:1      | Gained mutation: You have very sharp fingernails. [demonic
                  | ancestry]
   428 | D:1      | Reached XP level 3. HP: 25/28 MP: 3/3
   919 | D:1      | Became a worshipper of Ashenzari the Shackled
  1230 | D:2      | Gained mutation: You have a pair of small antennae on your
                  | head. [demonic ancestry]
  1230 | D:2      | Reached XP level 4. HP: 34/34 MP: 4/4
  1384 | D:2      | Noticed Natasha
  1392 | D:2      | Killed Natasha
  1637 | D:2      | Reached skill level 1 in Unarmed Combat
  2001 | D:3      | HP: 1/35 [orc priest/divine providence (14)]
  2007 | D:3      | Killed from afar by an orc priest

Vault maps used:
D:1:      zaba_arrival_water, evilmike_ruin_ashenzari
D:2:      minmay_misc_feat_chi, minmay_misc_feat_tower, uniq_natasha
D:3:      uniq_terence

Skill      XL: |  1  2  3  4 |
---------------+-------------+-----
Long Blades    | 3 |  3.4
Dodging        | 3 |  3.5
Fighting       | 3 |  3.1
Unarmed Combat | 1 |  1.0
Throwing       | |  1.7
Armour         | |  0.4

Action                   |  1- 3 |  4- 6 || total
-------------------------+-------+-------++-------
Melee: Long sword        |   103 |    46 ||   149
  Eat: Chunk             |     1 |       ||     1
       Ration            |       |     1 ||     1
Armor: Leather armour    |    28 |       ||    28
       Ring mail         |       |     6 ||     6
Dodge: Dodged            |    80 |    29 ||   109
       Rpst.: Long sword |    26 |    10 ||    36

Table legend:
 A = Non-vault XP
 B = Vault XP
 C = Vault XP percentage of total XP
 D = Non-vault monster count
 E = Vault monster count
 F = Vault count percentage of total count
                 A         B        C        D         E       F
            +---------+---------+-------+---------+---------+-------
      Total |     137 |      37 |  21.3 |      53 |       1 |   1.9
            +---------+---------+-------+---------+---------+-------
        D:1 |      62 |       0 |   0.0 |      32 |       0 |   0.0
        D:2 |      59 |      37 |  38.5 |      19 |       1 |   5.0
        D:3 |      16 |       0 |   0.0 |       2 |       0 |   0.0
            +---------+---------+-------+---------+---------+-------
